Thunder vs Atomiques
Created - February 9, 2018 at 19:37
Goals
|
| Thunder |
1 |
2 |
2 |
5 |
| Atomiques |
3 |
1 |
3 |
7 |
|
Shots
|
| Thunder |
13 |
11 |
8 |
32 |
| Atomiques |
12 |
16 |
12 |
40 |
|
1st period
1. Thunder , Jay Beagle 11 (Pierre-Alexandre Parenteau 30) at 3:10
2. Atomiques , Andrew Kozek 9 (Kyle Wharton 6, Brett Sutter 19) at 5:39
3. Atomiques , Andreas Engqvist 10 (Colby Cohen 7, Brock McGinn 4) at 12:16
4. Atomiques , Tyler Brenner 20 (Corey Tropp 18, Marc-André Cliche 21) at 16:17
Penalties :
Adam Larsson (TRO) for Hooking (Minor) at 16:44
2nd period
5. Atomiques , Dwight King 24 (Kyle Wharton 7, Shayne Gostisbehere 22) at 5:55
6. Thunder , Daultan Leveillé 17 (Dany Roussin 35, David Fischer 34) at 6:40
7. Thunder , Pierre-Alexandre Parenteau 34 (Adam Larsson 6, Jay Beagle 10) at 8:58
Penalties :
Fredrik Claesson (STB) for Tripping (Minor) at 2:45, Corey Tropp (STB) for Roughing (Minor) at 14:26
3rd period
8. Atomiques , Brett Sutter 23 (Shayne Gostisbehere 23, Kyle Wharton 8) at 5:12
9. Atomiques , Andreas Engqvist 11 (Shayne Gostisbehere 24) at 6:47
10. Thunder , Scott Parse 21 (Jay Beagle 11) at 8:29 (PP)
11. Atomiques , Ryan Shannon 23 (Kenndal McArdle 20, Shayne Gostisbehere 25) at 17:13 (PP)
12. Thunder , Pierre-Alexandre Parenteau 35 (Scott Parse 12, Jay Beagle 12) at 17:30
Penalties :
Eric Mestery (STB) for Holding Stick (Minor) at 1:19, John Draeger (STB) for Tripping (Minor) at 8:27, Andreas Engqvist (STB) for Diving (Minor) at 12:41, Pierre-Alexandre Parenteau (TRO) for Roughing (Minor) at 17:01
Goalie Stats
Devan Dubnyk (TRO), 12 saves from 16 shots - (0.750), 25:55 minutes
Connor Hellebyuk (TRO), 21 saves from 24 shots - (0.875), L, 4-3-1, 34:05 minutes
Sergei Bobrovsky (STB), 27 saves from 32 shots - (0.844), W, 22-11-3, 60:00 minutes
Players Stats for Thunder
Player Name G A P +/- PIM S H SB GA TA FO MP PP MP PK MP
------------------------------------------------------------------------------------
Adam Larsson 0 1 1 0 2 2 3 2 0 1 0/0 27:31 4:46 0:12
Austin Wuthrich 0 0 0 -1 0 1 1 0 0 0 0/0 7:07 0:00 0:00
Brandon Saad 0 0 0 -1 0 1 0 0 0 1 0/0 7:07 0:00 0:00
Dany Roussin 0 1 1 -1 0 1 1 1 1 1 0/0 18:23 3:21 1:31
Daultan Leveillé 1 0 1 -1 0 1 0 0 0 1 4/12 16:52 3:21 0:00
David Fischer 0 1 1 0 0 1 0 1 0 0 0/0 25:51 4:46 1:30
David Wolf 0 0 0 0 0 0 0 0 0 0 0/0 1:04 0:20 0:00
Gianluca Curcuruto 0 0 0 0 0 0 0 0 0 0 0/0 3:14 0:00 0:06
Jared Staal 0 0 0 -1 0 0 2 0 0 0 0/2 16:39 3:21 0:00
Jay Beagle 1 3 4 1 0 4 2 0 0 0 18/35 21:36 4:17 0:25
Joe Labate 0 0 0 -1 0 1 1 1 1 0 1/2 7:07 0:00 0:00
Joey Ryan 0 0 0 -1 0 1 1 1 0 1 0/0 18:52 3:12 0:41
Mike Hoffman 0 0 0 -1 0 4 1 0 0 1 0/0 11:57 0:00 0:15
Mikko Vainonen 0 0 0 -1 0 0 0 0 0 1 0/0 13:30 0:00 1:12
Nikolay Prokhorkin 0 0 0 0 0 0 0 0 0 0 0/0 0:57 0:20 0:00
Peter Andersson 0 0 0 -1 0 0 0 0 0 0 0/0 12:18 0:00 0:00
Pierre-Alexandre Parente 2 1 3 1 2 6 4 1 0 0 0/1 21:35 4:17 0:25
Ryan Nugent-Hopkins 0 0 0 -1 0 2 0 0 0 0 4/10 11:33 0:00 0:00
Scott Parse 1 1 2 1 0 5 2 2 0 0 4/8 22:42 4:17 1:31
Thomas Spelling 0 0 0 -1 0 1 0 1 0 0 0/0 12:10 0:20 0:00
Zach Redmond 0 0 0 -1 0 1 3 0 0 0 0/0 18:52 3:12 0:41
Zach Stepan 0 0 0 0 0 0 0 0 0 0 0/0 0:50 0:00 0:15
Players Stats for Atomiques
Player Name G A P +/- PIM S H SB GA TA FO MP PP MP PK MP
------------------------------------------------------------------------------------
Andreas Engqvist 2 0 2 1 2 4 1 0 3 0 1/1 6:34 0:00 0:00
Andrew Kozek 1 0 1 2 0 3 0 0 0 0 0/1 13:55 0:00 1:45
Bobby Farnham 0 0 0 2 0 0 1 0 0 0 0/0 12:03 0:00 0:00
Brett Sutter 1 1 2 2 0 5 0 0 0 0 3/6 12:03 0:00 0:00
Brock McGinn 0 1 1 1 0 0 1 0 0 1 0/0 6:35 0:00 0:00
Colby Cohen 0 1 1 1 0 2 2 2 0 0 0/0 19:18 0:33 3:31
Corey Tropp 0 1 1 0 2 2 0 0 2 0 0/0 13:46 0:40 0:00
Darren Kramer 0 0 0 0 0 0 0 0 0 0 1/1 0:36 0:00 0:00
Dwight King 1 0 1 0 0 2 2 0 0 0 0/0 15:41 0:40 2:00
Eric Gustafsson 0 0 0 1 0 0 0 1 0 0 0/0 11:38 0:00 0:00
Eric Mestery 0 0 0 1 2 0 1 3 0 0 0/0 17:46 0:33 2:19
Fredrik Claesson 0 0 0 -1 2 0 0 1 0 0 0/0 4:09 0:00 0:32
John Draeger 0 0 0 1 2 1 0 0 0 0 0/0 12:17 0:00 0:40
Joseph Cramarossa 0 0 0 0 0 1 0 0 0 0 0/0 0:31 0:00 0:00
Kenndal McArdle 0 1 1 -1 0 3 0 0 1 0 2/3 23:18 1:31 4:13
Kyle Wharton 0 3 3 0 0 1 1 1 0 1 0/0 29:04 1:38 4:27
Marc-André Cliche 0 1 1 0 0 1 0 0 0 0 10/15 13:41 0:40 0:00
Max McCormick 0 0 0 0 0 0 0 0 0 0 0/0 0:00 0:00 0:00
Mike Halmo 0 0 0 0 0 0 0 0 0 0 0/0 2:15 0:00 1:45
Mitch Callahan 0 0 0 1 0 0 1 0 0 0 0/0 6:35 0:00 0:00
Ryan Shannon 1 0 1 -1 0 4 1 0 1 0 2/2 20:51 1:31 2:00
Shayne Gostisbehere 0 4 4 1 0 7 0 0 0 0 0/0 26:03 1:38 4:27
Tyler Brenner 1 0 1 -1 0 4 1 1 0 0 20/41 23:18 1:31 4:13
3 Stars
1 - Jay Beagle (TRO)
2 - Pierre-Alexandre Parenteau (TRO)
3 - Shayne Gostisbehere (STB)
Power Play
Thunder - 1 on 5 Attempt(s) - 20.00%
Atomiques - 1 on 2 Attempt(s) - 50.00%
Penalty Kill
Thunder - 1 on 2 Attempt(s) - 50.00%
- Score 0 goal in Penalty Kill
Atomiques - 4 on 5 Attempt(s) - 80.00%
- Score 0 goal in Penalty Kill
Team Stat
Thunder - Hits : 21 - Faceoff Wins : 31 - Blocked Shots : 10 - Penalty Minutes : 4
Atomiques - Hits : 12 - Faceoff Wins : 39 - Blocked Shots : 9 - Penalty Minutes : 10
Official
Referees : Devorski Paul and Peel Tim
Linesman : Jay Sharrers and Steve Miller
Game Notes
Connor Hellebyuk enters game at 5:55 of 2nd period
6:47 of 3rd period - Atomiques goal is going for a video replay. After video review, Goal.
17:30 of 3rd period - Thunder goal is going for a video replay. After video review, Goal.
Finance
Level 1 -- Attendance: 1495 (74.75%) -- Ticket Income $59,800
Level 2 -- Attendance: 705 (70.50%) -- Ticket Income $14,100
Total Attendance: 2200 (73.33%)
Total Ticket Income: $73,900
Other Income: $3,695
Total Income: $77,595
Thunder
5 vs 5 Forward
Center Left Wing Right Wing Time % Phy DF OF
1 Jay Beagle Scott Parse Pierre-Alexandre Parentea40 1 2 2
2 Daultan Leveillé Dany Roussin Jared Staal 30 1 2 2
3 Ryan Nugent-Hopkins Mike Hoffman Thomas Spelling 20 1 2 2
4 Joe Labate Brandon Saad Austin Wuthrich 10 1 2 2
5 vs 5 Defense
Defense Defense Time % Phy DF OF
1 Adam Larsson David Fischer 40 1 2 2
2 Joey Ryan Zach Redmond 30 1 2 2
3 Peter Andersson Mikko Vainonen 20 1 2 2
4 Gianluca Curcuruto Adam Larsson 10 1 2 2
PowerPlay Forward
Center Left Wing Right Wing Time % Phy DF OF
1 Jay Beagle Scott Parse Pierre-Alexandre Parentea60 1 2 2
2 Daultan Leveillé Dany Roussin Jared Staal 40 1 2 2
PowerPlay Defense
Defense Defense Time % Phy DF OF
1 Adam Larsson David Fischer 60 1 2 2
2 Joey Ryan Zach Redmond 40 1 2 2
Penalty Kill 4 Players Forward
Center Wing Time % Phy DF OF
1 Scott Parse Dany Roussin 60 1 2 2
2 Jay Beagle Pierre-Alexandre Parentea40 1 2 2
Penalty Kill 4 Players Defense
Defense Defense Time % Phy DF OF
1 Adam Larsson David Fischer 60 1 2 2
2 Joey Ryan Zach Redmond 40 1 2 2
Penalty Kill - 3 Players Forward
Forward Time % Phy DF OF
1 Scott Parse 60 1 2 2
2 Dany Roussin 40 1 2 2
Penalty Kill - 3 Players Defense
Defense Defense Time % Phy DF OF
1 Adam Larsson David Fischer 60 1 2 2
2 Joey Ryan Zach Redmond 40 1 2 2
4 vs 4 Forward
Center Wing Time % Phy DF OF
1 Scott Parse Dany Roussin 60 1 2 2
2 Jay Beagle Pierre-Alexandre Parentea40 1 2 2
4 vs 4 Defense
Defense Defense Time % Phy DF OF
1 Adam Larsson David Fischer 60 1 2 2
2 Joey Ryan Zach Redmond 40 1 2 2
Last Minutes Offensive
Center Left Wing Right Wing Defense Defense
Jay Beagle Scott Parse Pierre-Alexandre ParenteaAdam Larsson David Fischer
Last Minutes Defensive
Center Left Wing Right Wing Defense Defense
Jay Beagle Scott Parse Pierre-Alexandre ParenteaAdam Larsson David Fischer
Goaltenders
Starting : Devan Dubnyk
Backup : Connor Hellebyuk
Extra Forwards
Normal : David Wolf, Nikolay Prokhorkin, Zach Stepan - PP : David Wolf, Nikolay Prokhorkin - PK : Zach Stepan
Extra Defensemen
Normal : Peter Andersson, Mikko Vainonen, Gianluca Curcuruto - PP : Peter Andersson - PK : Mikko Vainonen, Gianluca Curcuruto
Penalty Shots
Scott Parse, Dany Roussin, Jay Beagle, Pierre-Alexandre Parenteau, Daultan Leveillé
Scratches
Niklas Treutle (Healthy)
Atomiques
5 vs 5 Forward
Center Left Wing Right Wing Time % Phy DF OF
1 Tyler Brenner Kenndal McArdle Ryan Shannon 40 1 2 2
2 Marc-André Cliche Dwight King Corey Tropp 30 1 2 2
3 Brett Sutter Andrew Kozek Bobby Farnham 20 1 2 2
4 Andreas Engqvist Brock McGinn Mitch Callahan 10 1 2 2
5 vs 5 Defense
Defense Defense Time % Phy DF OF
1 Kyle Wharton Shayne Gostisbehere 40 1 2 2
2 Colby Cohen Eric Mestery 30 1 2 2
3 Eric Gustafsson John Draeger 20 1 2 2
4 Fredrik Claesson Kyle Wharton 10 1 2 2
PowerPlay Forward
Center Left Wing Right Wing Time % Phy DF OF
1 Tyler Brenner Kenndal McArdle Ryan Shannon 60 1 2 2
2 Marc-André Cliche Dwight King Corey Tropp 40 1 2 2
PowerPlay Defense
Defense Defense Time % Phy DF OF
1 Kyle Wharton Shayne Gostisbehere 60 1 2 2
2 Colby Cohen Eric Mestery 40 1 2 2
Penalty Kill 4 Players Forward
Center Wing Time % Phy DF OF
1 Tyler Brenner Kenndal McArdle 60 1 2 2
2 Dwight King Ryan Shannon 40 1 2 2
Penalty Kill 4 Players Defense
Defense Defense Time % Phy DF OF
1 Kyle Wharton Shayne Gostisbehere 60 1 2 2
2 Colby Cohen Eric Mestery 40 1 2 2
Penalty Kill - 3 Players Forward
Forward Time % Phy DF OF
1 Tyler Brenner 60 1 2 2
2 Kenndal McArdle 40 1 2 2
Penalty Kill - 3 Players Defense
Defense Defense Time % Phy DF OF
1 Kyle Wharton Shayne Gostisbehere 60 1 2 2
2 Colby Cohen Eric Mestery 40 1 2 2
4 vs 4 Forward
Center Wing Time % Phy DF OF
1 Tyler Brenner Kenndal McArdle 60 1 2 2
2 Dwight King Ryan Shannon 40 1 2 2
4 vs 4 Defense
Defense Defense Time % Phy DF OF
1 Kyle Wharton Shayne Gostisbehere 60 1 2 2
2 Colby Cohen Eric Mestery 40 1 2 2
Last Minutes Offensive
Center Left Wing Right Wing Defense Defense
Tyler Brenner Kenndal McArdle Ryan Shannon Kyle Wharton Shayne Gostisbehere
Last Minutes Defensive
Center Left Wing Right Wing Defense Defense
Tyler Brenner Kenndal McArdle Ryan Shannon Kyle Wharton Shayne Gostisbehere
Goaltenders
Starting : Sergei Bobrovsky
Backup : Jeremy Smith
Extra Forwards
Normal : Darren Kramer, Joseph Cramarossa, Mike Halmo - PP : Darren Kramer, Joseph Cramarossa - PK : Mike Halmo
Extra Defensemen
Normal : Eric Gustafsson, John Draeger, Fredrik Claesson - PP : Eric Gustafsson - PK : John Draeger, Fredrik Claesson
Penalty Shots
Tyler Brenner, Kenndal McArdle, Dwight King, Ryan Shannon, Marc-André Cliche
Scratches
Steve McCarthy (Healthy), Jonas Junland (Suspend), Anthony Nigro (Back Spasms Injury), Francois Tremblay (Healthy)
% Time on Ice - Thunder
Lines # - Real PCT - Wanted PCT - Time Play
Normal Forward
1 - 35% - 40% - 17:20
2 - 28% - 30% - 13:51
3 - 23% - 20% - 11:33
4 - 14% - 10% - 7:07
Normal Defense
1 - 39% - 40% - 19:35
2 - 30% - 30% - 14:59
3 - 25% - 20% - 12:18
4 - 6% - 10% - 2:59
PP Forward
1 - 58% - 60% - 4:37
2 - 42% - 40% - 3:21
PP Defense
1 - 60% - 60% - 4:46
2 - 40% - 40% - 3:12
PK Forward
1 - 81% - 60% - 1:46
2 - 19% - 40% - 0:25
PK Defense
1 - 69% - 60% - 1:30
2 - 31% - 40% - 0:41
PK3 Forward
1 - 0% - 60%
2 - 0% - 40%
PK3 Defense
1 - 0% - 60%
2 - 0% - 40%
44 Forward
1 - 0% - 60%
2 - 0% - 40%
44 Defense
1 - 0% - 60%
2 - 0% - 40%
Last Minute Offensive - 0:00
Last Minute Defensive - 0:00
Total
Forward - 60:00
Defense - 60:00
|
% Time on Ice - Atomiques
Lines # - Real PCT - Wanted PCT - Time Play
Normal Forward
1 - 37% - 40% - 18:12
2 - 26% - 30% - 13:01
3 - 24% - 20% - 12:03
4 - 13% - 10% - 6:35
Normal Defense
1 - 40% - 40% - 19:58
2 - 31% - 30% - 15:14
3 - 23% - 20% - 11:38
4 - 6% - 10% - 3:01
PP Forward
1 - 69% - 60% - 1:31
2 - 31% - 40% - 0:40
PP Defense
1 - 75% - 60% - 1:38
2 - 25% - 40% - 0:33
PK Forward
1 - 75% - 60% - 5:58
2 - 25% - 40% - 2:00
PK Defense
1 - 56% - 60% - 4:27
2 - 44% - 40% - 3:31
PK3 Forward
1 - 0% - 60%
2 - 0% - 40%
PK3 Defense
1 - 0% - 60%
2 - 0% - 40%
44 Forward
1 - 0% - 60%
2 - 0% - 40%
44 Defense
1 - 0% - 60%
2 - 0% - 40%
Last Minute Offensive - 0:00
Last Minute Defensive - 0:00
Total
Forward - 60:00
Defense - 60:00
|
Play by Play
1st period
0:01 of 1st period - Jay Beagle wins face-off versus Tyler Brenner in neutral zone.
0:08 of 1st period - Wrist shot by Pierre-Alexandre Parenteau.
0:08 of 1st period - Stopped by Sergei Bobrovsky with a rebound.
0:10 of 1st period - Slapshot by Adam Larsson.
0:10 of 1st period - Shot Blocked by Tyler Brenner.
1:09 of 1st period - Andreas Engqvist is hit by Zach Redmond and loses puck.
1:30 of 1st period - Slapshot by Pierre-Alexandre Parenteau.
1:30 of 1st period - Shot Misses the Net.
1:32 of 1st period - Wrist shot by Jay Beagle.
1:32 of 1st period - Stopped by Sergei Bobrovsky without a rebound.
1:33 of 1st period - Jay Beagle wins face-off versus Marc-André Cliche in Atomiques zone.
2:51 of 1st period - Wrist shot by Dwight King.
2:51 of 1st period - Shot Misses the Net.
3:03 of 1st period - Kyle Wharton is hit by Scott Parse and loses puck.
3:08 of 1st period - Snap shot by Jay Beagle.
3:08 of 1st period - Shot Blocked by Fredrik Claesson.
3:10 of 1st period - Snap shot by Jay Beagle.
3:10 of 1st period - Goal by Jay Beagle - Thunder : 1 - Atomiques : 0.
3:11 of 1st period - Tyler Brenner wins face-off versus Jared Staal in neutral zone.
3:37 of 1st period - Scott Parse is hit by Dwight King and loses puck.
4:42 of 1st period - Wrist shot by Kenndal McArdle.
4:42 of 1st period - Shot Misses the Net.
4:59 of 1st period - Off-side.
5:00 of 1st period - Marc-André Cliche wins face-off versus Jay Beagle in neutral zone.
5:35 of 1st period - Wrist shot by Brett Sutter.
5:35 of 1st period - Shot Misses the Net.
5:37 of 1st period - Slapshot by Kyle Wharton.
5:37 of 1st period - Stopped by Devan Dubnyk with a rebound.
5:39 of 1st period - Backhand shot by Andrew Kozek.
5:39 of 1st period - Goal by Andrew Kozek - Thunder : 1 - Atomiques : 1.
5:40 of 1st period - Tyler Brenner wins face-off versus Daultan Leveillé in neutral zone.
5:45 of 1st period - Backhand shot by Tyler Brenner.
5:45 of 1st period - Stopped by Devan Dubnyk with a rebound.
6:24 of 1st period - Slapshot by Daultan Leveillé.
6:24 of 1st period - Shot Hit the Post.
7:00 of 1st period - Wrist shot by Daultan Leveillé.
7:00 of 1st period - Shot Blocked by Colby Cohen.
7:02 of 1st period - Slapshot by Zach Redmond.
7:02 of 1st period - Shot Blocked by Eric Mestery.
7:04 of 1st period - Wrist shot by Jared Staal.
7:04 of 1st period - Shot Blocked by Eric Mestery.
7:06 of 1st period - Slapshot by Zach Redmond.
7:06 of 1st period - Stopped by Sergei Bobrovsky without a rebound.
7:07 of 1st period - Jay Beagle wins face-off versus Tyler Brenner in Atomiques zone.
7:12 of 1st period - Wrist shot by Jay Beagle.
7:12 of 1st period - Stopped by Sergei Bobrovsky with a rebound.
7:54 of 1st period - Snap shot by Adam Larsson.
7:54 of 1st period - Stopped by Sergei Bobrovsky with a rebound.
7:56 of 1st period - Snap shot by Brandon Saad.
7:56 of 1st period - Shot Misses the Net.
7:58 of 1st period - Wrist shot by Adam Larsson.
7:58 of 1st period - Shot Blocked by Eric Gustafsson.
8:48 of 1st period - Brandon Saad is hit by Ryan Shannon and loses puck.
9:29 of 1st period - Tyler Brenner is hit by Joe Labate and loses puck.
9:59 of 1st period - Off-side.
10:00 of 1st period - Brett Sutter wins face-off versus Ryan Nugent-Hopkins in neutral zone.
10:13 of 1st period - Off-side.
10:14 of 1st period - Jay Beagle wins face-off versus Tyler Brenner in neutral zone.
10:17 of 1st period - Colby Cohen is hit by Zach Redmond and loses puck.
10:48 of 1st period - Wrist shot by Dany Roussin.
10:48 of 1st period - Stopped by Sergei Bobrovsky without a rebound.
10:49 of 1st period - Tyler Brenner wins face-off versus Jared Staal in Atomiques zone.
11:15 of 1st period - Kyle Wharton is hit by Adam Larsson and loses puck.
11:43 of 1st period - Wrist shot by Brandon Saad.
11:43 of 1st period - Stopped by Sergei Bobrovsky without a rebound.
11:44 of 1st period - Joe Labate wins face-off versus Marc-André Cliche in Atomiques zone.
11:53 of 1st period - Dwight King is hit by Austin Wuthrich and loses puck.
11:59 of 1st period - Off-side.
12:00 of 1st period - Andreas Engqvist wins face-off versus Jay Beagle in neutral zone.
12:03 of 1st period - Scott Parse is hit by Brock McGinn and loses puck.
12:12 of 1st period - Wrist shot by Andreas Engqvist.
12:12 of 1st period - Shot Misses the Net.
12:14 of 1st period - Slapshot by Colby Cohen.
12:14 of 1st period - Stopped by Devan Dubnyk with a rebound.
12:16 of 1st period - Slapshot by Colby Cohen.
12:16 of 1st period - Deflect By Andreas Engqvist.
12:16 of 1st period - Goal by Andreas Engqvist - Thunder : 1 - Atomiques : 2.
12:17 of 1st period - Scott Parse wins face-off versus Tyler Brenner in neutral zone.
12:24 of 1st period - Backhand shot by Pierre-Alexandre Parenteau.
12:24 of 1st period - Stopped by Sergei Bobrovsky without a rebound.
12:25 of 1st period - Jay Beagle wins face-off versus Tyler Brenner in Atomiques zone.
12:58 of 1st period - Snap shot by Tyler Brenner.
12:58 of 1st period - Deflect By Kenndal McArdle.
12:58 of 1st period - Stopped by Devan Dubnyk without a rebound.
12:59 of 1st period - Marc-André Cliche wins face-off versus Daultan Leveillé in Thunder zone.
13:00 of 1st period - Wrist shot by Dwight King.
13:00 of 1st period - Deflect By Daultan Leveillé.
13:00 of 1st period - Shot Blocked by Dany Roussin.
13:00 of 1st period - Puck is out of play.
13:01 of 1st period - Daultan Leveillé wins face-off versus Marc-André Cliche in Thunder zone.
13:52 of 1st period - Snap shot by Mike Hoffman.
13:52 of 1st period - Stopped by Sergei Bobrovsky with a rebound.
14:08 of 1st period - Andreas Engqvist is hit by Adam Larsson and loses puck.
14:33 of 1st period - Wrist shot by Dwight King.
14:33 of 1st period - Shot Misses the Net.
14:49 of 1st period - Backhand shot by Jay Beagle.
14:49 of 1st period - Stopped by Sergei Bobrovsky with a rebound.
14:59 of 1st period - Wrist shot by Tyler Brenner.
14:59 of 1st period - Stopped by Devan Dubnyk with a rebound.
15:57 of 1st period - Wrist shot by Jay Beagle.
15:57 of 1st period - Shot Misses the Net.
16:03 of 1st period - Wrist shot by Pierre-Alexandre Parenteau.
16:03 of 1st period - Shot Misses the Net.
16:15 of 1st period - Snap shot by Corey Tropp.
16:15 of 1st period - Stopped by Devan Dubnyk with a rebound.
16:17 of 1st period - Snap shot by Tyler Brenner.
16:17 of 1st period - Goal by Tyler Brenner - Thunder : 1 - Atomiques : 3.
16:18 of 1st period - Marc-André Cliche wins face-off versus Pierre-Alexandre Parenteau in neutral zone.
16:31 of 1st period - Snap shot by Pierre-Alexandre Parenteau.
16:31 of 1st period - Stopped by Sergei Bobrovsky with a rebound.
16:33 of 1st period - Snap shot by Scott Parse.
16:33 of 1st period - Stopped by Sergei Bobrovsky without a rebound.
16:34 of 1st period - Tyler Brenner wins face-off versus Daultan Leveillé in Atomiques zone.
16:44 of 1st period - Minor Penalty to Adam Larsson for Hooking.
16:45 of 1st period - Scott Parse wins face-off versus Tyler Brenner in Thunder zone.
16:50 of 1st period - Icing by Kenndal McArdle.
16:51 of 1st period - Scott Parse wins face-off versus Tyler Brenner in Atomiques zone.
16:56 of 1st period - Snap shot by Ryan Shannon.
16:56 of 1st period - Stopped by Devan Dubnyk without a rebound.
16:57 of 1st period - Tyler Brenner wins face-off versus Scott Parse in Thunder zone.
17:02 of 1st period - Backhand shot by Tyler Brenner.
17:02 of 1st period - Stopped by Devan Dubnyk without a rebound.
17:03 of 1st period - Tyler Brenner wins face-off versus Scott Parse in Thunder zone.
17:12 of 1st period - Snap shot by Tyler Brenner.
17:12 of 1st period - Deflect By Ryan Shannon.
17:12 of 1st period - Shot Misses the Net.
17:12 of 1st period - Puck is out of play.
17:13 of 1st period - Scott Parse wins face-off versus Tyler Brenner in Thunder zone.
17:47 of 1st period - Joey Ryan is hit by Dwight King and loses puck.
18:44 of 1st period - Penalty to Adam Larsson is over, Adam Larsson is back on ice.
19:06 of 1st period - Backhand shot by Shayne Gostisbehere.
19:06 of 1st period - Deflect By Adam Larsson.
19:06 of 1st period - Stopped by Devan Dubnyk with a rebound.
19:08 of 1st period - Slapshot by Shayne Gostisbehere.
19:08 of 1st period - Shot Misses the Net.
19:38 of 1st period - Adam Larsson is hit by Tyler Brenner and loses puck.
Goals for this period are 1 for Thunder vs 3 for Atomiques.
Shots for this period are 13 for Thunder vs 12 for Atomiques.
2nd period
0:01 of 2nd period - Jay Beagle wins face-off versus Tyler Brenner in neutral zone.
0:10 of 2nd period - Wrist shot by Scott Parse.
0:10 of 2nd period - Stopped by Sergei Bobrovsky without a rebound.
0:11 of 2nd period - Jay Beagle wins face-off versus Tyler Brenner in Atomiques zone.
0:38 of 2nd period - Adam Larsson is hit by Kyle Wharton and loses puck.
0:47 of 2nd period - Eric Mestery is hit by Jared Staal and loses puck.
0:57 of 2nd period - Icing by Andrew Kozek.
0:58 of 2nd period - Ryan Nugent-Hopkins wins face-off versus Andrew Kozek in Atomiques zone.
1:07 of 2nd period - Snap shot by Mike Hoffman.
1:07 of 2nd period - Shot Blocked by Eric Mestery.
1:09 of 2nd period - Snap shot by Mike Hoffman.
1:09 of 2nd period - Stopped by Sergei Bobrovsky without a rebound.
1:10 of 2nd period - Tyler Brenner wins face-off versus Jay Beagle in Atomiques zone.
1:35 of 2nd period - Kyle Wharton is hit by Adam Larsson and loses puck.
2:00 of 2nd period - Bobby Farnham is hit by Joey Ryan and loses puck.
2:26 of 2nd period - Snap shot by Mike Hoffman.
2:26 of 2nd period - Stopped by Sergei Bobrovsky without a rebound.
2:27 of 2nd period - Marc-André Cliche wins face-off versus Ryan Nugent-Hopkins in Atomiques zone.
2:45 of 2nd period - Minor Penalty to Fredrik Claesson for Tripping.
2:46 of 2nd period - Jay Beagle wins face-off versus Tyler Brenner in Atomiques zone.
2:46 of 2nd period - Snap shot by Scott Parse.
2:46 of 2nd period - Shot Blocked by Kyle Wharton.
3:01 of 2nd period - Backhand shot by Kenndal McArdle.
3:01 of 2nd period - Stopped by Devan Dubnyk without a rebound.
3:02 of 2nd period - Tyler Brenner wins face-off versus Scott Parse in Thunder zone.
3:35 of 2nd period - Slapshot by Dany Roussin.
3:35 of 2nd period - Shot Misses the Net.
4:09 of 2nd period - Scott Parse is hit by Colby Cohen.
4:35 of 2nd period - Adam Larsson is hit by Colby Cohen and loses puck.
4:45 of 2nd period - Penalty to Fredrik Claesson is over, Fredrik Claesson is back on ice.
5:18 of 2nd period - Mitch Callahan is hit by Jay Beagle and loses puck.
5:25 of 2nd period - Slapshot by Scott Parse.
5:25 of 2nd period - Stopped by Sergei Bobrovsky without a rebound.
5:26 of 2nd period - Daultan Leveillé wins face-off versus Tyler Brenner in Atomiques zone.
5:41 of 2nd period - Wrist shot by Ryan Shannon.
5:41 of 2nd period - Stopped by Devan Dubnyk without a rebound.
5:42 of 2nd period - Marc-André Cliche wins face-off versus Ryan Nugent-Hopkins in Thunder zone.
5:51 of 2nd period - Slapshot by Shayne Gostisbehere.
5:51 of 2nd period - Stopped by Devan Dubnyk with a rebound.
5:53 of 2nd period - Slapshot by Kyle Wharton.
5:53 of 2nd period - Shot Misses the Net.
5:55 of 2nd period - Slapshot by Dwight King.
5:55 of 2nd period - Goal by Dwight King - Thunder : 1 - Atomiques : 4.
5:55 of 2nd period - Connor Hellebyuk enters game.
5:56 of 2nd period - Ryan Shannon wins face-off versus Daultan Leveillé in neutral zone.
6:10 of 2nd period - Icing by Adam Larsson.
6:11 of 2nd period - Daultan Leveillé wins face-off versus Marc-André Cliche in Thunder zone.
6:40 of 2nd period - Slapshot by Daultan Leveillé.
6:40 of 2nd period - Goal by Daultan Leveillé - Thunder : 2 - Atomiques : 4.
6:41 of 2nd period - Tyler Brenner wins face-off versus Jay Beagle in neutral zone.
7:29 of 2nd period - Snap shot by Tyler Brenner.
7:29 of 2nd period - Shot Blocked by Adam Larsson.
7:31 of 2nd period - Snap shot by Ryan Shannon.
7:31 of 2nd period - Deflect By Kenndal McArdle.
7:31 of 2nd period - Shot Blocked by David Fischer.
7:31 of 2nd period - Puck is out of play.
7:32 of 2nd period - Marc-André Cliche wins face-off versus Jay Beagle in Thunder zone.
7:47 of 2nd period - Snap shot by Dwight King.
7:47 of 2nd period - Stopped by Connor Hellebyuk without a rebound.
7:48 of 2nd period - Daultan Leveillé wins face-off versus Brett Sutter in Thunder zone.
8:13 of 2nd period - Scott Parse is hit by Andreas Engqvist and loses puck.
8:18 of 2nd period - Snap shot by Andreas Engqvist.
8:18 of 2nd period - Shot Blocked by Joey Ryan.
8:44 of 2nd period - Wrist shot by Tyler Brenner.
8:44 of 2nd period - Shot Misses the Net.
8:46 of 2nd period - Slapshot by John Draeger.
8:46 of 2nd period - Stopped by Connor Hellebyuk without a rebound.
8:47 of 2nd period - Jay Beagle wins face-off versus Marc-André Cliche in Thunder zone.
8:56 of 2nd period - Slapshot by Pierre-Alexandre Parenteau.
8:56 of 2nd period - Stopped by Sergei Bobrovsky with a rebound.
8:58 of 2nd period - Wrist shot by Pierre-Alexandre Parenteau.
8:58 of 2nd period - Goal by Pierre-Alexandre Parenteau - Thunder : 3 - Atomiques : 4.
8:59 of 2nd period - Jay Beagle wins face-off versus Tyler Brenner in neutral zone.
9:46 of 2nd period - Snap shot by Thomas Spelling.
9:46 of 2nd period - Stopped by Sergei Bobrovsky without a rebound.
9:47 of 2nd period - Brett Sutter wins face-off versus Ryan Nugent-Hopkins in Atomiques zone.
10:02 of 2nd period - Snap shot by Mike Hoffman.
10:02 of 2nd period - Stopped by Sergei Bobrovsky with a rebound.
10:48 of 2nd period - Daultan Leveillé is hit by Bobby Farnham and loses puck.
11:03 of 2nd period - Backhand shot by Brett Sutter.
11:03 of 2nd period - Stopped by Connor Hellebyuk with a rebound.
11:05 of 2nd period - Slapshot by Colby Cohen.
11:05 of 2nd period - Stopped by Connor Hellebyuk without a rebound.
11:06 of 2nd period - Tyler Brenner wins face-off versus Jay Beagle in Thunder zone.
11:07 of 2nd period - Wrist shot by Shayne Gostisbehere.
11:07 of 2nd period - Deflect By Scott Parse.
11:07 of 2nd period - Stopped by Connor Hellebyuk with a rebound.
13:01 of 2nd period - Snap shot by Ryan Shannon.
13:01 of 2nd period - Shot Blocked by Pierre-Alexandre Parenteau.
13:03 of 2nd period - Slapshot by John Draeger.
13:03 of 2nd period - Shot Blocked by Scott Parse.
14:02 of 2nd period - Zach Redmond is hit by Mitch Callahan and loses puck.
14:26 of 2nd period - Minor Penalty to Corey Tropp for Roughing.
14:27 of 2nd period - Tyler Brenner wins face-off versus Jay Beagle in Atomiques zone.
14:38 of 2nd period - Slapshot by Shayne Gostisbehere.
14:38 of 2nd period - Stopped by Connor Hellebyuk with a rebound.
16:26 of 2nd period - Penalty to Corey Tropp is over, Corey Tropp is back on ice.
16:47 of 2nd period - Snap shot by Andreas Engqvist.
16:47 of 2nd period - Stopped by Connor Hellebyuk with a rebound.
17:01 of 2nd period - Slapshot by Joey Ryan.
17:01 of 2nd period - Stopped by Sergei Bobrovsky with a rebound.
17:03 of 2nd period - Slapshot by Zach Redmond.
17:03 of 2nd period - Shot Misses the Net.
17:25 of 2nd period - Wrist shot by Brett Sutter.
17:25 of 2nd period - Deflect By Andrew Kozek.
17:25 of 2nd period - Stopped by Connor Hellebyuk with a rebound.
17:27 of 2nd period - Snap shot by Andrew Kozek.
17:27 of 2nd period - Shot Blocked by Joe Labate.
17:29 of 2nd period - Snap shot by Andrew Kozek.
17:29 of 2nd period - Deflect By Joe Labate.
17:29 of 2nd period - Shot Misses the Net.
17:29 of 2nd period - Puck is out of play.
17:30 of 2nd period - Ryan Shannon wins face-off versus Joe Labate in Thunder zone.
17:31 of 2nd period - Slapshot by Shayne Gostisbehere.
17:31 of 2nd period - Stopped by Connor Hellebyuk without a rebound.
17:32 of 2nd period - Tyler Brenner wins face-off versus Jay Beagle in Thunder zone.
17:33 of 2nd period - Slapshot by Ryan Shannon.
17:33 of 2nd period - Stopped by Connor Hellebyuk with a rebound.
17:35 of 2nd period - Snap shot by Tyler Brenner.
17:35 of 2nd period - Shot Blocked by Scott Parse.
18:04 of 2nd period - Snap shot by Marc-André Cliche.
18:04 of 2nd period - Stopped by Connor Hellebyuk without a rebound.
18:05 of 2nd period - Marc-André Cliche wins face-off versus Jay Beagle in Thunder zone.
18:49 of 2nd period - Slapshot by Ryan Nugent-Hopkins.
18:49 of 2nd period - Stopped by Sergei Bobrovsky without a rebound.
18:50 of 2nd period - Ryan Nugent-Hopkins wins face-off versus Brett Sutter in Atomiques zone.
19:15 of 2nd period - Tyler Brenner is hit by Pierre-Alexandre Parenteau and loses puck.
19:40 of 2nd period - Marc-André Cliche is hit by Jared Staal and loses puck.
19:51 of 2nd period - Wrist shot by Corey Tropp.
19:51 of 2nd period - Stopped by Connor Hellebyuk with a rebound.
Goals for this period are 2 for Thunder vs 1 for Atomiques.
Shots for this period are 11 for Thunder vs 16 for Atomiques.
3rd period
0:01 of 3rd period - Kenndal McArdle wins face-off versus Jay Beagle in neutral zone.
0:56 of 3rd period - Snap shot by Ryan Nugent-Hopkins.
0:56 of 3rd period - Stopped by Sergei Bobrovsky without a rebound.
0:57 of 3rd period - Kenndal McArdle wins face-off versus Jay Beagle in Atomiques zone.
0:57 of 3rd period - Kenndal McArdle is hit by Pierre-Alexandre Parenteau.
1:19 of 3rd period - Minor Penalty to Eric Mestery for Holding Stick.
1:20 of 3rd period - Jay Beagle wins face-off versus Tyler Brenner in Atomiques zone.
1:45 of 3rd period - Shayne Gostisbehere is hit by Dany Roussin and loses puck.
2:43 of 3rd period - Andrew Kozek is hit by Pierre-Alexandre Parenteau.
3:19 of 3rd period - Penalty to Eric Mestery is over, Eric Mestery is back on ice.
3:49 of 3rd period - Backhand shot by Dwight King.
3:49 of 3rd period - Shot Misses the Net.
4:31 of 3rd period - Slapshot by Shayne Gostisbehere.
4:31 of 3rd period - Shot Misses the Net.
4:37 of 3rd period - Shayne Gostisbehere is hit by Mike Hoffman and loses puck.
5:10 of 3rd period - Slapshot by Brett Sutter.
5:10 of 3rd period - Stopped by Connor Hellebyuk with a rebound.
5:12 of 3rd period - Snap shot by Brett Sutter.
5:12 of 3rd period - Goal by Brett Sutter - Thunder : 3 - Atomiques : 5.
5:13 of 3rd period - Tyler Brenner wins face-off versus Jay Beagle in neutral zone.
5:24 of 3rd period - Snap shot by Ryan Shannon.
5:24 of 3rd period - Shot Misses the Net.
5:35 of 3rd period - Icing by Pierre-Alexandre Parenteau.
5:36 of 3rd period - Marc-André Cliche wins face-off versus Daultan Leveillé in Thunder zone.
6:45 of 3rd period - Wrist shot by Andreas Engqvist.
6:45 of 3rd period - Stopped by Connor Hellebyuk with a rebound.
6:47 of 3rd period - Wrist shot by Andreas Engqvist.
6:47 of 3rd period - Atomiques goal is going for a video replay.
6:47 of 3rd period - The goal is good.
6:47 of 3rd period - Goal by Andreas Engqvist - Thunder : 3 - Atomiques : 6.
6:48 of 3rd period - Jay Beagle wins face-off versus Tyler Brenner in neutral zone.
6:51 of 3rd period - Shayne Gostisbehere is hit by Pierre-Alexandre Parenteau and loses puck.
7:00 of 3rd period - Snap shot by Ryan Shannon.
7:00 of 3rd period - Deflect By Tyler Brenner.
7:00 of 3rd period - Shot Misses the Net.
7:00 of 3rd period - Puck is out of play.
7:01 of 3rd period - Jay Beagle wins face-off versus Tyler Brenner in Thunder zone.
8:27 of 3rd period - Minor Penalty to John Draeger for Tripping.
8:28 of 3rd period - Jay Beagle wins face-off versus Tyler Brenner in Atomiques zone.
8:29 of 3rd period - Wrist shot by Scott Parse.
8:29 of 3rd period - Goal by Scott Parse - Thunder : 4 - Atomiques : 6.
8:30 of 3rd period - Tyler Brenner wins face-off versus Jay Beagle in neutral zone.
8:41 of 3rd period - Wrist shot by Kenndal McArdle.
8:41 of 3rd period - Stopped by Connor Hellebyuk with a rebound.
8:43 of 3rd period - Snap shot by Shayne Gostisbehere.
8:43 of 3rd period - Stopped by Connor Hellebyuk with a rebound.
8:45 of 3rd period - Slapshot by Shayne Gostisbehere.
8:45 of 3rd period - Stopped by Connor Hellebyuk with a rebound.
9:19 of 3rd period - Off-side.
9:20 of 3rd period - Brett Sutter wins face-off versus Ryan Nugent-Hopkins in neutral zone.
9:25 of 3rd period - Wrist shot by Andrew Kozek.
9:25 of 3rd period - Stopped by Connor Hellebyuk with a rebound.
9:27 of 3rd period - Backhand shot by Brett Sutter.
9:27 of 3rd period - Stopped by Connor Hellebyuk without a rebound.
9:28 of 3rd period - Tyler Brenner wins face-off versus Jay Beagle in Thunder zone.
9:56 of 3rd period - David Fischer is hit by Eric Mestery and loses puck.
10:03 of 3rd period - Snap shot by Adam Larsson.
10:03 of 3rd period - Stopped by Sergei Bobrovsky without a rebound.
10:04 of 3rd period - Jay Beagle wins face-off versus Kenndal McArdle in Atomiques zone.
10:19 of 3rd period - Wrist shot by Scott Parse.
10:19 of 3rd period - Stopped by Sergei Bobrovsky with a rebound.
11:16 of 3rd period - Backhand shot by Joe Labate.
11:16 of 3rd period - Shot Misses the Net.
11:47 of 3rd period - Slapshot by David Fischer.
11:47 of 3rd period - Stopped by Sergei Bobrovsky with a rebound.
11:49 of 3rd period - Snap shot by Daultan Leveillé.
11:49 of 3rd period - Shot Misses the Net.
11:51 of 3rd period - Wrist shot by Jared Staal.
11:51 of 3rd period - Shot Misses the Net.
12:29 of 3rd period - Brock McGinn is hit by Jay Beagle and loses puck.
12:41 of 3rd period - Minor Penalty to Andreas Engqvist for Diving.
12:42 of 3rd period - Jay Beagle wins face-off versus Tyler Brenner in Atomiques zone.
13:02 of 3rd period - Tyler Brenner is hit by Scott Parse and loses puck.
14:30 of 3rd period - Shayne Gostisbehere is hit by Zach Redmond and loses puck.
14:41 of 3rd period - Penalty to Andreas Engqvist is over, Andreas Engqvist is back on ice.
14:52 of 3rd period - Snap shot by Joe Labate.
14:52 of 3rd period - Stopped by Sergei Bobrovsky with a rebound.
14:54 of 3rd period - Slapshot by Mikko Vainonen.
14:54 of 3rd period - Shot Misses the Net.
14:56 of 3rd period - Wrist shot by Brandon Saad.
14:56 of 3rd period - Shot Misses the Net.
14:58 of 3rd period - Snap shot by Austin Wuthrich.
14:58 of 3rd period - Stopped by Sergei Bobrovsky with a rebound.
15:05 of 3rd period - Icing by Eric Gustafsson.
15:06 of 3rd period - Marc-André Cliche wins face-off versus Daultan Leveillé in Atomiques zone.
15:29 of 3rd period - Snap shot by Andrew Kozek.
15:29 of 3rd period - Shot Blocked by Thomas Spelling.
15:40 of 3rd period - Icing by Bobby Farnham.
15:41 of 3rd period - Tyler Brenner wins face-off versus Jay Beagle in Atomiques zone.
15:56 of 3rd period - Icing by Eric Gustafsson.
15:57 of 3rd period - Ryan Nugent-Hopkins wins face-off versus Tyler Brenner in Atomiques zone.
16:04 of 3rd period - Wrist shot by Ryan Nugent-Hopkins.
16:04 of 3rd period - Shot Misses the Net.
16:18 of 3rd period - Slapshot by Tyler Brenner.
16:18 of 3rd period - Shot Misses the Net.
16:20 of 3rd period - Backhand shot by John Draeger.
16:20 of 3rd period - Deflect By Tyler Brenner.
16:20 of 3rd period - Shot Blocked by Adam Larsson.
16:20 of 3rd period - Puck is out of play.
16:21 of 3rd period - Jay Beagle wins face-off versus Brett Sutter in Thunder zone.
16:34 of 3rd period - Snap shot by Brett Sutter.
16:34 of 3rd period - Stopped by Connor Hellebyuk without a rebound.
16:35 of 3rd period - Jay Beagle wins face-off versus Tyler Brenner in Thunder zone.
16:39 of 3rd period - Off-side.
16:40 of 3rd period - Tyler Brenner wins face-off versus Jay Beagle in neutral zone.
16:47 of 3rd period - Snap shot by Kenndal McArdle.
16:47 of 3rd period - Shot Misses the Net.
17:01 of 3rd period - Minor Penalty to Pierre-Alexandre Parenteau for Roughing.
17:02 of 3rd period - Tyler Brenner wins face-off versus Scott Parse in Thunder zone.
17:13 of 3rd period - Snap shot by Ryan Shannon.
17:13 of 3rd period - Goal by Ryan Shannon - Thunder : 4 - Atomiques : 7.
17:14 of 3rd period - Tyler Brenner wins face-off versus Jay Beagle in neutral zone.
17:24 of 3rd period - Wrist shot by Scott Parse.
17:24 of 3rd period - Shot Misses the Net.
17:28 of 3rd period - Snap shot by Pierre-Alexandre Parenteau.
17:28 of 3rd period - Shot Misses the Net.
17:30 of 3rd period - Wrist shot by Pierre-Alexandre Parenteau.
17:30 of 3rd period - Thunder goal is going for a video replay.
17:30 of 3rd period - The goal is good.
17:30 of 3rd period - Goal by Pierre-Alexandre Parenteau - Thunder : 5 - Atomiques : 7.
17:31 of 3rd period - Tyler Brenner wins face-off versus Ryan Nugent-Hopkins in neutral zone.
18:16 of 3rd period - Wrist shot by Daultan Leveillé.
18:16 of 3rd period - Deflect By Jared Staal.
18:16 of 3rd period - Shot Blocked by Colby Cohen.
18:16 of 3rd period - Puck is out of play.
18:17 of 3rd period - Marc-André Cliche wins face-off versus Daultan Leveillé in Atomiques zone.
18:21 of 3rd period - Off-side.
18:22 of 3rd period - Ryan Nugent-Hopkins wins face-off versus Tyler Brenner in neutral zone.
19:43 of 3rd period - Wrist shot by Joseph Cramarossa.
19:43 of 3rd period - Stopped by Connor Hellebyuk without a rebound.
19:44 of 3rd period - Darren Kramer wins face-off versus Daultan Leveillé in Thunder zone.
Goals for this period are 2 for Thunder vs 3 for Atomiques.
Shots for this period are 8 for Thunder vs 12 for Atomiques.
Back to the Top